 Dungeon Crawl Stone Soup version 0.29-a0-338-g1ff7896281 (webtiles) character file.

Game seed: 17627059154743140523

23 BeAPotato the Ruffian (level 3, -1/33 HPs)
             Began as an Ogre Transmuter on Apr 18, 2022.
             Slain by a jackal (2 damage)
             ... on level 1 of the Dungeon.
             The game lasted 00:01:43 (981 turns).

BeAPotato the Ruffian (Ogre Transmuter)              Turns: 981, Time: 00:01:44

Health: -1/33      AC:  3    Str: 16    XL:     3   Next: 0%
Magic:  14/15      EV:  9    Int: 14    God:
Gold:   57         SH:  0    Dex:  9    Spells: 5/6 levels left

rFire   . . .      SeeInvis .     - Unarmed
rCold   . . .      Faith    .   (no shield)
rNeg    . . .      Spirit   .   a - +0 robe
rPois   .          Reflect  .   (helmet currently unavailable)
rElec   .          Harm     .   (no cloak)
rCorr   .          Rampage  .   (gloves unavailable)
Will    .....                   (boots unavailable)
Stlth   +.........              (no amulet)
HPRegen 0.11/turn               c - ring of magical power
MPRegen 0.14/turn               (no ring)

@: appendages (expiring)
A: horns 2, talons 2, large, unfitting armour, tough skin 1
a: End Transformation


You were on level 1 of the Dungeon.
You had temporarily grown beastly horns and talons.
You visited 1 branch of the dungeon, and saw 1 of its levels.

You collected 57 gold pieces.

Inventory:

Missiles
 f - 14 stones (quivered)
 j - 2 silver boomerangs
Armour
 a - a +0 robe (worn)
Jewellery
 c - a ring of magical power (left hand)
Scrolls
 e - a scroll of identify {unknown}
 g - 2 scrolls of noise {unknown}
 i - a scroll of enchant armour {unknown}
Potions
 b - a potion of lignification
 d - a potion of degeneration {unknown}
 h - a potion of might {unknown}


   Skills:
 - Level 1.3 Fighting
 - Level 1.7 Dodging
 + Level 3.7 Unarmed Combat
 - Level 2.4 Spellcasting
 - Level 1.7 Transmutations


You had 5 spell levels left.
You knew the following spells:

 Your Spells              Type           Power      Damage    Failure   Level
a - Beastly Appendage     Tmut           12%        N/A       11%         1

Your spell library contained the following spells:

 Spells                   Type           Power      Damage    Failure   Level
 Wereblood                Tmut           6%         N/A       17%         2
 Spider Form              Tmut/Pois      4%         N/A       43%         3
 Ice Form                 Ice/Tmut       4%         N/A       85%         4


Dungeon Overview and Level Annotations

Branches:
Dungeon (1/15)

Altars:


Innate Abilities, Weirdness & Mutations

You have temporarily grown beastly horns and talons.
You are too large for most types of armour.
You have tough skin. (AC +1)


Message History

You kill the jackal!
The jackal bites you.
The jackal bites you but does no damage.
The jackal misses you. The jackal attacks as you move away!
The jackal bites you. x3
* * * LOW HITPOINT WARNING * * *
You see here a jackal corpse.
You closely miss the jackal. The jackal closely misses you.
The jackal bites you.
* * * LOW HITPOINT WARNING * * *
The jackal barely misses you.
Casting: Beastly Appendage (safe; 11% risk of failure)
Confirm with . or Enter, or press ? or * to list all spells.
You grow a pair of large bovine horns.
Your feet morph into talons.
The jackal closely misses you. x2
You hit the jackal but do no damage.
Your transformation is almost over.
The jackal barely misses you. x2
You closely miss the jackal.
The jackal bites you but does no damage.
The jackal barely misses you. x2
Unknown command.
You closely miss the jackal. You claw the jackal, but do no damage.
The jackal closely misses you. The jackal misses you.
The jackal barely misses you.
You punch the jackal!
You kill the jackal!
The jackal closely misses you.
You have reached level 3!
Your experience leads to an increase in your attributes!
Increase (S)trength, (I)ntelligence, or (D)exterity?
You feel stronger. x3
You hit the jackal but do no damage. The jackal bites you.
* * * LOW HITPOINT WARNING * * *
You hit the jackal.
The jackal is heavily wounded.
The jackal bites you.
* * * LOW HITPOINT WARNING * * *
The jackal bites you.
You die...

....!.. .........
..).....# #
........## #
.........# #
###..........# #
.............# ##
#...........# 8#
#.$.......†@#
##.###.#.......h##
##......#.>.....†##
#####.......^.....#
# ##............# #
###..........#
#..........#
#..........#
##........##


You could see a jackal.

Vanquished Creatures
  2 ball pythons (D:1)
  4 endoplasms (D:1)
  2 giant cockroaches (D:1)
  A goblin (D:1)
  2 hobgoblins (D:1)
  5 jackals (D:1)
  2 frilled lizards (D:1)
  A rat (D:1)
19 creatures vanquished.

Notes
Turn   | Place    | Note
-------+----------+-------------------------------------------
     0 | D:1      | BeAPotato the Ogre Transmuter began the quest for the Orb.
     0 | D:1      | Reached XP level 1. HP: 19/19 MP: 3/3
   198 | D:1      | Reached skill level 3 in Unarmed Combat
   248 | D:1      | Reached XP level 2. HP: 25/27 MP: 5/5
   266 | D:1      | HP: 1/27 [hobgoblin (4)]
   980 | D:1      | Reached XP level 3. HP: 7/33 MP: 6/6
   981 | D:1      | HP: 1/33 [jackal (3)]
   981 | D:1      | Slain by a jackal

Illustrated notes

Levels and vault maps discovered:
D:1:      heliophobic_arrival_dark_side_of_the_moon, layout_rooms, serial_shops,
          nicolae_square_shop, chequers_serial_rivers_micro_e,
          hangedman_glass_teeth, minmay_worlds_worst_comb

Skill      XL: |  1 |
---------------+----+-----
Unarmed Combat | 3 |  3.7
Fighting       | |  1.3
Dodging        | |  1.7
Spellcasting   | |  2.4
Transmutations | |  1.7

Action                   || total
-------------------------++-------
Melee: Unarmed           ||    60
       Headbutt          ||     4
       Kick              ||     5
Throw: Stone             ||     7
 Cast: Beastly Appendage ||     5
Armor: Robe              ||    14
Dodge: Dodged            ||    37

Table legend: (Time is in decaauts)
 A = Elapsed time spent in this place.
 B = Non-inter-level travel time spent in this place.
 C = Inter-level travel time spent in this place.
 D = Time resting spent in this place.
 E = Time spent auto-exploring this place.
 F = Levels seen in this place.
 G = Mean time per level.
                   A        B        C        D        E       F      G
               +--------+--------+--------+--------+--------+-----+--------+
         Total |    976 |    976 |      0 |    383 |    415 |   1 |  976.0 |
       Dungeon |    976 |    976 |      0 |    383 |    415 |   1 |  976.0 |
               +--------+--------+--------+--------+--------+-----+--------+

Top non-repeatable levels by time:
     D:1: 976 daAuts
